 Dungeon Crawl Stone Soup version 0.18.1-8-gdd0e5ea (webtiles) character file.

19327 Scarto the Protected (level 12, -9/77 HPs)
             Began as a Gargoyle Fighter on June 2, 2016.
             Was an Elder of Qazlal.
             Killed from afar by a frost giant (23 damage)
             ... with a bolt of cold
             ... on level 12 of the Dungeon.
             The game lasted 00:25:01 (8654 turns).

Scarto the Protected (Gargoyle Fighter)             Turns: 8654, Time: 00:25:02

Health: -9/77      AC: 21    Str: 25    XL:     12   Next: 67%
Magic:  13/19      EV:  8    Int: 11    God:    Qazlal [****..]
Gold:   826        SH: 18    Dex:  9    Spells: 0 memorised, 11 levels left

rFire  . . .     SeeInvis .     w - +3 mace (holy)
rCold  . . .     Gourm    .     E - +3 plate armour
rNeg   + . .     Faith    .     c - +1 shield
rPois  ∞         Spirit   .     (no helmet)
rElec  +         Dismiss  .     (no cloak)
rCorr  .         Reflect  .     (no gloves)
SustAt .         Harm     .     (no boots)
MR     .....                    o - amulet of regeneration
Stlth  ..........               (no ring)
                                a - ring "Pokhlur" {EV+2 Slay+5}

@: repel missiles, not resistant to hostile enchantments, extremely unstealthy
A: blink, deformed body, negative energy resistance 1, electricity resistance,
strong 1, unbreathing, evolution 1, petrification resistance, rot immunity, AC
+8
a: Blink, Upheaval, Elemental Force, Renounce Religion


You were on level 12 of the Dungeon.
You worshipped Qazlal.
Qazlal was greatly pleased with you.
You were not hungry.

You visited 1 branch of the dungeon, and saw 12 of its levels.
You also visited: Bailey.

You collected 1006 gold pieces.
You spent 180 gold pieces at shops.

Inventory:

Hand Weapons
 w - a +3 mace of holy wrath (weapon)
Missiles
 D - 12 tomahawks (quivered)
Armour
 c - a +1 shield (worn)
 E - a +3 plate armour (worn)
Jewellery
 a - the ring "Pokhlur" (left hand) {EV+2 Slay+5}
   (You found it on level 4 of the Dungeon)

   [ring of evasion]

   It affects your evasion (+2).
   It affects your accuracy and damage with ranged weapons and melee attacks
   (+5).
 o - an amulet of regeneration (around neck)
 x - an uncursed amulet of the gourmand
Wands
 h - a wand of teleportation (6/9)
 y - a wand of heal wounds (2/9)
Scrolls
 j - 2 scrolls of magic mapping
 l - a scroll of fear
 t - 3 scrolls of identify
 z - 2 scrolls of fog
 C - a scroll of recharging
 F - 3 scrolls of remove curse
Potions
 d - 2 potions of might
 g - 5 potions of curing
 i - 6 potions of brilliance
 n - 3 potions of cure mutation
 p - 2 potions of agility
 q - a potion of invisibility
 r - 2 potions of magic
 s - a potion of flight
Comestibles
 f - 4 bread rations
 m - 4 beef jerkies
 v - 4 meat rations


   Skills:
 + Level 10.1 Fighting
 + Level 9.4 Maces & Flails
 + Level 10.3 Armour
 + Level 10.1 Shields
 + Level 9.4 Invocations
 + Level 5.7 Evocations


You had 11 spell levels left.
You didn't know any spells.

Dungeon Overview and Level Annotations

Branches:
Dungeon (12/15)            Temple (0/1) D:7            Lair (0/8) D:11
    Orc (0/2) D:11

Altars:
Fedhas
Makhleb
Nemelex Xobeh
Pakellas
Qazlal
Sif Muna
Vehumet
Xom
The Shining One
Beogh

Shops:
D:7 (   D:11 !   D:12 *


Innate Abilities, Weirdness & Mutations

You are resistant to torment.
Your stone body is resilient (AC +8).
You are immune to poison.
You resist negative energy.
You are resistant to electric shocks.
You can survive without breathing.
You are immune to petrification.
You are immune to rotting.
You can translocate small distances at will.
Armour fits poorly on your strangely shaped body.
Your muscles are strong. (Str +2)
You evolve.


Message History

You hear a sizzling sound!
Your water elemental is engulfed in roaring flames.
Your water elemental hits the frost giant.
Your earth elemental disappears in a puff of smoke!
Your water elemental is engulfed in roaring flames.
Your water elemental hits the frost giant.
The frost giant points at you and mumbles some strange words.
You hear a sizzling sound!
Your water elemental hits the frost giant!
The frost giant casts a spell at you.
You hear a sizzling sound!
Your water elemental hits the frost giant.
Your water elemental disappears in a puff of smoke!
The frost giant is engulfed in roaring flames.
The frost giant casts a spell at you. The bolt of cold misses you.
You hear a sizzling sound!
The frost giant casts a spell at you. The bolt of cold hits you!
You die...

......#................'.........
......##.......#########...#.#.##
......##.......# #...............
......##.......# #.#..###########
########.......###.#. #......C#
#...........# #..§.#...
###..........# #..§..#.. ##
#........§...# #..(...#. .#
####..(...§§.@..# ####.#### .#
#............§..# ##.## .#
#........C.§....# ##.## . .#
#...........§...# #.## .. )#
#.....####....#.# ##.###... .#
#.....# #....#.# #.E.E(... ##
#.....# #....#.# #........
####.....# #....#.# #........
§.##.....# #....# #........


You could see a frost giant.

Vanquished Creatures
  A centaur warrior (D:12)
  A death yak (D:11)
  The ghost of deorigin the Transmogrifier, a novice NaTm of Cheibriados (D:7)
  An unseen horror (D:12)
  3 hill giants
  The ghost of bananaglory the Quickloader, a novice TeHu (D:6)
  A phantasmal warrior (D:12)
  3 ugly things
  The ghost of daning the Carver, a novice HESk (Bailey)
  The ghost of Scarto the Skirmisher, a novice GrFi (D:4)
  A spiny frog (D:11)
  Grinder (D:5)
  A centaur simulacrum (D:12)
  A shadow (D:12)
  A spriggan (D:7)
  2 wyverns (D:10)
  23 yaks
  3 hippogriffs
  2 mottled dragons
  2 sky beasts
  6 orc warriors
  2 ice beasts
  An eye of draining (D:12)
  A necrophage (D:7)
  2 phantoms (D:6)
  6 ogres
  4 centaurs
  A crocodile (D:12)
  4 big kobolds
  10 giant frogs
  Blork the orc (D:6)
  7 gnoll sergeants (Bailey)
  7 killer bees
  A scorpion (D:12)
  7 wights
  A howler monkey (D:4)
  4 crimson imps
  5 centaur zombies
  A giant frog zombie (D:12)
  4 quasits
  2 centaur skeletons
  5 hounds
  5 gnoll shamans (Bailey)
  4 jellies
  9 orc priests
  A giant frog skeleton (D:6)
  11 orc wizards
  Crazy Yiuf (D:5)
  4 iguanas
  5 worker ants
  A worker ant zombie (D:10)
  19 gnolls
  10 adders
  A howler monkey skeleton (D:7)
  An ooze (D:4)
  An adder skeleton (D:4)
  An adder zombie (D:5)
  2 worms (D:2)
  5 dart slugs
  8 giant geckos
  37 orcs
  5 giant cockroaches
  11 goblins
  3 hobgoblins (D:1)
  8 jackals
  2 quokkas
  A ball python (D:2)
  3 bats
  2 giant newts
  A jackal skeleton (D:9)
  25 kobolds
  3 rats
323 creatures vanquished.

Vanquished Creatures (collateral kills)
  A gnoll sergeant (Bailey)
  A gnoll shaman (Bailey)
2 creatures vanquished.

Grand Total: 325 creatures vanquished

Notes
Turn   | Place    | Note
--------------------------------------------------------------
     0 | D:1      | Scarto the Gargoyle Fighter began the quest for the Orb.
     0 | D:1      | Reached XP level 1. HP: 14/14 MP: 1/1
   173 | D:1      | Reached XP level 2. HP: 19/19 MP: 2/2
  1016 | D:2      | Found a radiant altar of Vehumet.
  1074 | D:2      | Found a faded altar to an unknown god.
  1076 | D:2      | Reached XP level 3. HP: 23/23 MP: 3/3
  1078 | D:2      | Became a worshipper of Qazlal Stormbringer
  1078 | D:2      | Reached * piety under Qazlal
  1281 | D:2      | Reached XP level 4. HP: 22/28 MP: 4/4
  1386 | D:2      | Found an oddly glowing altar of Pakellas.
  1391 | D:2      | Found a burning altar of Makhleb.
  1393 | D:2      | Found a blossoming altar of Fedhas.
  1395 | D:2      | Found a glowing golden altar of the Shining One.
  1396 | D:2      | Found a stormy altar of Qazlal.
  1397 | D:2      | Found a shimmering altar of Xom.
  1598 | D:3      | Reached ** piety under Qazlal
  1646 | D:3      | Reached skill level 1 in Invocations
  1747 | D:3      | Noticed an ice beast
  1760 | D:3      | Killed an ice beast
  1760 | D:3      | Reached XP level 5. HP: 33/33 MP: 4/6
  1860 | D:3      | Reached XP level 6. HP: 30/38 MP: 7/7
  1862 | D:3      | Found a deep blue altar of Sif Muna.
  2359 | D:4      | Noticed Scarto's ghost (novice GrFi)
  2376 | D:4      | Killed Scarto's ghost
  2376 | D:4      | Reached skill level 5 in Fighting
  2376 | D:4      | Reached skill level 5 in Armour
  2376 | D:4      | Reached skill level 5 in Shields
  2376 | D:4      | Reached XP level 7. HP: 28/44 MP: 7/9
  2490 | D:4      | Got an ancient ivory ring
  2491 | D:4      | Identified the ring "Pokhlur" {EV+2 Slay+5} (You found it on level 4 of the Dungeon)
  2781 | D:4      | Found a sparkling altar of Nemelex Xobeh.
  2835 | D:5      | Entered Level 5 of the Dungeon
  2835 | D:5      | Noticed Grinder
  2846 | D:5      | Reached XP level 8. HP: 42/50 MP: 10/10
  2855 | D:5      | Killed Grinder
  2905 | D:5      | Reached skill level 5 in Maces & Flails
  3066 | D:5      | Noticed Crazy Yiuf
  3072 | D:5      | Killed Crazy Yiuf
  3276 | D:6      | Noticed Blork the orc
  3286 | D:6      | Killed Blork the orc
  3584 | D:6      | Reached skill level 5 in Invocations
  3585 | D:6      | Reached *** piety under Qazlal
  3585 | D:6      | Reached XP level 9. HP: 55/55 MP: 12/12
  3638 | D:6      | Noticed bananaglory's ghost (novice TeHu)
  3648 | D:6      | Killed bananaglory's ghost
  4060 | D:7      | Found a staircase to the Ecumenical Temple.
  4107 | D:7      | Found a flagged portal.
  4127 | Bailey   | Entered a bailey
  4159 | Bailey   | Noticed daning's ghost (novice HESk)
  4161 | Bailey   | Reached skill level 1 in Evocations
  4173 | Bailey   | Killed daning's ghost
  4173 | Bailey   | Reached XP level 10. HP: 39/63 MP: 14/14
  4656 | D:7      | Noticed deorigin's ghost (novice NaTm)
  4680 | D:7      | Killed deorigin's ghost
  4977 | D:7      | Found Afucouv's Antique Weapon Boutique.
  5175 | D:8      | You fall through a shaft for 2 floors!
  5175 | D:10     | Entered Level 10 of the Dungeon
  5355 | D:9      | Gained mutation: Your muscles are strong. (Str +2) [mutagenic meat]
  5356 | D:9      | Gained mutation: You evolve. [mutagenic meat]
  5357 | D:9      | Gained mutation: Your spells are a little easier to cast, but a little less powerful. [mutagenic meat]
  5359 | D:9      | Gained mutation: You can translocate small distances at will. [mutagenic meat]
  5589 | D:9      | Reached **** piety under Qazlal
  5589 | D:9      | Reached XP level 11. HP: 62/69 MP: 16/16
  5745 | D:9      | Lost mutation: Your spells are a little easier to cast, but a little less powerful. [evolution]
  6037 | D:10     | Noticed a hill giant
  6047 | D:10     | Killed a hill giant
  6454 | D:11     | Noticed a white ugly thing
  6462 | D:11     | Noticed a death yak
  6463 | D:11     | Killed a white ugly thing
  6493 | D:11     | Killed a death yak
  6614 | D:11     | Found a staircase to the Lair.
  6715 | D:11     | Reached ***** piety under Qazlal
  6794 | D:11     | Noticed a red ugly thing
  6806 | D:11     | Killed a red ugly thing
  7081 | D:11     | Gained mutation: Armour fits poorly on your strangely shaped body. [evolution]
  7111 | D:11     | Found Vireatyh's Distillery.
  7114 | D:11     | Bought a potion of curing for 48 gold pieces
  7114 | D:11     | Bought a potion of curing for 48 gold pieces
  7156 | D:11     | Found a staircase to the Orcish Mines.
  7199 | D:11     | Found a roughly hewn altar of Beogh.
  7446 | D:11     | Reached XP level 12. HP: 76/76 MP: 18/18
  7549 | D:12     | Reached skill level 5 in Evocations
  7637 | D:12     | Found Poug's General Store.
  7642 | D:12     | Bought a potion of curing for 42 gold pieces
  7642 | D:12     | Bought a potion of curing for 42 gold pieces
  7900 | D:12     | Reached skill level 10 in Armour
  7985 | D:12     | Noticed a frost giant
  8011 | D:12     | HP: 3/77 [frost giant/bolt of cold (13)]
  8278 | D:12     | Reached skill level 10 in Shields
  8358 | D:12     | Noticed a centaur warrior
  8359 | D:12     | Noticed a deep elf annihilator
  8361 | D:12     | Killed a centaur warrior
  8366 | D:12     | Reached skill level 10 in Fighting
  8654 | D:12     | Killed from afar by a frost giant

Skill      XL: |  1  2  3  4  5  6  7  8  9 10 11 12 |
---------------+-------------------------------------+-----
Armour         | 4 5 6 7 8 9 10 | 10.3
Maces & Flails | 3 4 5 6 7 8 9 |  9.4
Invocations    | 1 2 3 5 6 7 8 9 |  9.4
Fighting       | 4 5 6 7 8 9 10 | 10.1
Shields        | 4 5 6 7 8 9 10 | 10.1
Evocations     | 1 3 4 5 |  5.7

Action                   |  1- 3 |  4- 6 |  7- 9 | 10-12 || total
-------------------------+-------+-------+-------+-------++-------
Melee: Flail             |   117 |   143 |    29 |       ||   289
       Mace              |       |       |   228 |   720 ||   948
Throw: Tomahawk          |       |       |       |     2 ||     2
Invok: Upheaval          |       |       |       |     5 ||     5
       Elemental Force   |       |       |       |     5 ||     5
  Use: Scroll            |     2 |     7 |     6 |     9 ||    24
       Potion            |       |       |     7 |     8 ||    15
  Eat: Bread ration      |     1 |       |     2 |     3 ||     6
       Chunk             |       |     1 |     1 |     5 ||     7
Armor: Chain mail        |   131 |    63 |   117 |   134 ||   445
       Plate armour      |       |       |       |   108 ||   108
Dodge: Dodged            |    43 |    29 |    67 |   149 ||   288
       Deflected         |       |       |       |     7 ||     7
Block: Shield            |    88 |   110 |   230 |   645 ||  1073
